 Dungeon Crawl Stone Soup version 0.28.0-53-g5a82cb258f (webtiles) character file.

Game seed: 17684355245443593140

40 TheIRU the Conjurer (level 3, -1/24 HPs)
             Began as a Human Conjurer on June 15, 2022.
             Was a Follower of Cheibriados.
             Slain by a hobgoblin (4 damage)
             ... on level 2 of the Dungeon.
             The game lasted 00:10:33 (1651 turns).

TheIRU the Conjurer (Human Conjurer)                Turns: 1651, Time: 00:10:33

Health: -1/24      AC:  2    Str: 10    XL:     3   Next: 72%
Magic:  0/6        EV: 12    Int: 23    God:    Cheibriados [*.....]
Gold:   39         SH:  0    Dex: 14    Spells: 3/6 levels left

rFire   . . .      SeeInvis .   c - +0 dagger
rCold   . . .      Faith    .   (no shield)
rNeg    . . .      Spirit   .   a - +0 robe
rPois   .          Reflect  .   (no helmet)
rElec   .          Harm     .   (no cloak)
rCorr   .          Rampage  .   (no gloves)
Will    .....                   (no boots)
Stlth   ++........              (no amulet)
HPRegen 0.08/turn               (no ring)
MPRegen 0.10/turn               (no ring)

@: very slow
A: no striking features
a: Renounce Religion, Bend Time


You were on level 2 of the Dungeon.
You worshipped Cheibriados.
Cheibriados was aware of your devotion.
You visited 1 branch of the dungeon, and saw 2 of its levels.

You collected 39 gold pieces.

Inventory:

Hand Weapons
 c - a +0 dagger (weapon)
Armour
 a - a +0 robe (worn)
 b - a +0 ring mail


   Skills:
 * Level 0.4 Short Blades
 * Level 2.4 Dodging
 - Level 2.0 Stealth
 * Level 2.2 Spellcasting
 * Level 4.7 Conjurations


You had 3 spell levels left.
You knew the following spells:

 Your Spells              Type           Power      Damage    Failure   Level
a - Magic Dart            Conj           96%        1d7       1%          1
b - Searing Ray           Conj           48%        2d6       2%          2

Your spell library contained the following spells:

 Spells                   Type           Power      Damage    Failure   Level
 Dazzling Flash           Conj/Hex       26%        N/A       14%         3
 Fulminant Prism          Conj/Hex       6%         3d7       43%         4
 Iskenderun's Mystic Bla  Conj/Tloc      13%        2d5       43%         4


Dungeon Overview and Level Annotations

Branches:
Dungeon (2/15)

Altars:
Cheibriados


Message History

The worm is severely wounded.
The worm bites you!
* * * LOW HITPOINT WARNING * * *
You hit the worm but do no damage.
The worm is severely wounded.
Casting: Searing Ray (safe; 2% risk of failure)
Confirm with . or Enter, or press ? or * to list all spells.
Aiming: Searing Ray (safe; 2% risk of failure)
Press: ? - help, Shift-Dir - straight line, p - worm The searing ray hits the worm!
You kill the worm!
The searing ray hits the kobold.
You kill the kobold!
Cheibriados thoroughly appreciates the change of pace. (Press . to maintain the ray.)
Casting: Searing Ray (safe; 2% risk of failure)
Confirm with . or Enter, or press ? or * to list all spells.
Aiming: Magic Dart (safe; 1% risk of failure)
Press: ? - help, Shift-Dir - straight line, f - hobgoblin
Aim: a hobgoblin (100% to hit)
The magic dart hits the hobgoblin.
The hobgoblin is almost dead.
The hobgoblin misses you. The hobgoblin barely misses you.
You closely miss the hobgoblin.
The hobgoblin is almost dead.
The hobgoblin barely misses you.
You barely miss the hobgoblin.
The hobgoblin is almost dead.
The hobgoblin misses you.
You barely miss the hobgoblin.
The hobgoblin is almost dead.
The hobgoblin completely misses you.
You barely miss the hobgoblin.
The hobgoblin is almost dead.
The hobgoblin barely misses you.
You closely miss the hobgoblin.
The hobgoblin is almost dead.
The hobgoblin hits you.
You die...

.........#
.#####..(.......#
.........#
####..#....)[#
........###
#............#
...........
.....#.......####
........## ####
#)##.#.## .......##
###[#....# .......# ####
#.......##
.##.##......####g##.#..#
###.#######.##..@...#..#
......## #.##.#.###...#
##.##..## #....#.# ##..
........###.....†###
#..###...............
..# ###..#.#..###### ##
##...#..... ##..........
..........#


You could see a hobgoblin.

Vanquished Creatures
  An adder (D:2)
  A worm (D:2)
  2 dart slugs
  3 ball pythons
  An endoplasm (D:2)
  3 giant cockroaches
  4 goblins
  2 quokkas (D:1)
  2 frilled lizards
  2 kobolds
  2 rats (D:1)
23 creatures vanquished.

Notes
Turn   | Place    | Note
-------+----------+-------------------------------------------
     0 | D:1      | TheIRU the Human Conjurer began the quest for the Orb.
     0 | D:1      | Reached XP level 1. HP: 13/13 MP: 3/3
   253 | D:1      | Found a faded altar of an unknown god.
   346 | D:1      | Reached XP level 2. HP: 19/19 MP: 3/5
   349 | D:1      | Learned a level 2 spell: Searing Ray
  1022 | D:1      | Prayed at the altar of an unknown god.
  1022 | D:1      | Became a worshipper of Cheibriados the Contemplative
  1022 | D:1      | Reached * piety under Cheibriados
  1309 | D:2      | Reached XP level 3. HP: 8/24 MP: 0/6
  1651 | D:2      | Slain by a hobgoblin

Illustrated notes

Levels and vault maps discovered:
D:1:      dpeg_arrival_erosion, layout_basic,
          shapermc_ecumenical_altar_mp_highgroup
D:2:      layout_rooms, basic_altar

Action                   || total
-------------------------++-------
Melee: Unarmed           ||     4
       Dagger            ||    26
       Punch             ||     1
 Cast: Magic Dart        ||    41
       Searing Ray       ||     4
  Use: Scroll            ||     4
       Potion            ||     1
Armor: Robe              ||    10
Dodge: Dodged            ||    34
